 Dungeon Crawl Stone Soup version 0.23.2-33-g5129a83184 (webtiles) character file.

Game seed: 12339977376707659026

703 troglodite the Skirmisher (level 7, -1/60 HPs)
             Began as a Gnoll Wanderer on July 17, 2019.
             Killed by nerve-wracking pain
             ... invoked by a shadow imp
              (8 damage)
             ... on level 5 of the Dungeon.
             The game lasted 00:06:34 (3500 turns).

troglodite the Skirmisher (Gnoll Wanderer)          Turns: 3500, Time: 00:06:36

Health: -1/60      AC:  9    Str: 14    XL:     7   Next: 66%
Magic:  10/10      EV: 10    Int: 15    God:
Gold:   126        SH:  0    Dex: 16    Spells: 11/11 levels left

rFire    . . .     SeeInvis .   a - +2 quarterstaff
rCold    . . .     Gourm    .   (shield currently unavailable)
rNeg     . . .     Faith    .   w - +0 scale mail (curse)
rPois    .         Spirit   .   v - +0 hat
rElec    .         Reflect  .   u - +0 cloak
rCorr    .         Harm     .   t - +0 pair of gloves
MR       .....                  (no boots)
Stlth    ++........             (no amulet)
HPRegen  0.20/turn              (no ring)
MPRegen  0.12/turn              (no ring)

@: no status effects
A: distributed training, fangs 1, strong nose
a: no special abilities


You were on level 5 of the Dungeon.
You were near starving.

You visited 1 branch of the dungeon, and saw 5 of its levels.

You collected 126 gold pieces.

Inventory:

Hand Weapons
 a - a +2 quarterstaff (weapon)
 e - a +0 dagger
Armour
 t - a +0 pair of gloves (worn)
 u - a +0 cloak (worn)
 v - a +0 hat (worn)
 w - a cursed +0 scale mail (worn)
Wands
 q - a wand of polymorph (10)
Scrolls
 c - 3 scrolls of teleportation
 d - 6 scrolls of enchant weapon {unknown}
 g - a scroll of immolation {unknown}
 i - a scroll of fear {unknown}
 j - 2 scrolls of magic mapping {unknown}
 l - 2 scrolls of fog {unknown}
 r - 2 scrolls of remove curse {unknown}
 s - 6 scrolls of identify {unknown}
 y - a scroll of blinking {unknown}
 z - a scroll of enchant armour {unknown}
Potions
 b - 3 potions of curing
 h - 2 potions of might
 k - a potion of brilliance {unknown}
 m - 2 potions of haste
 n - a potion of berserk rage {unknown}
 o - a potion of mutation {unknown}
 p - a potion of cancellation {unknown}
 x - a potion of flight {unknown}
Comestibles
 f - 8 rations


   Skills:
 + Level 7.1 Fighting
 + Level 2.6 Short Blades
 + Level 2.6 Long Blades
 + Level 2.6 Axes
 + Level 2.6 Maces & Flails
 + Level 2.6 Polearms
 + Level 5.3 Staves
 + Level 2.6 Slings
 + Level 2.6 Bows
 + Level 2.6 Crossbows
 + Level 2.6 Throwing
 + Level 3.7 Armour
 + Level 2.6 Dodging
 + Level 5.0 Stealth
 + Level 5.3 Shields
 + Level 2.6 Unarmed Combat
 + Level 2.6 Spellcasting
 + Level 2.1 Conjurations
 + Level 2.1 Hexes
 + Level 2.1 Charms
 + Level 2.1 Summonings
 + Level 2.1 Necromancy
 + Level 2.1 Translocations
 + Level 2.1 Transmutations
 + Level 2.1 Fire Magic
 + Level 2.1 Ice Magic
 + Level 2.1 Air Magic
 + Level 2.1 Earth Magic
 + Level 2.1 Poison Magic
 + Level 2.9 Invocations
 + Level 2.6 Evocations


You had 11 spell levels left.
You didn't know any spells.
Your spell library was empty.

Dungeon Overview and Level Annotations

Branches:
Dungeon (5/15)
 Temple: D:4-7

Altars:


Innate Abilities, Weirdness & Mutations

Your experience applies equally to all skills.
You have very sharp teeth.
Your uncanny sense of smell can sniff out nearby items.


Message History

The hound zombie closely misses you.
The crimson imp blinks!
The hound zombie bites you.
* * * LOW HITPOINT WARNING * * *
The shadow imp barely misses you. x2
The hound zombie bites you but does no damage.
Things that are here:
a hunting sling; a worker ant corpse; a quokka corpse You completely miss the shadow imp.
You bite the shadow imp, but do no damage.
The shadow imp hits you but does no damage.
The hound zombie barely misses you. The shadow imp gestures at you.
You struggle to resist.
The crimson imp blinks!
You sock the shadow imp!
The shadow imp is almost dead.
The hound zombie bites you but does no damage.
The shadow imp hits you but does no damage.
The shadow imp gestures at you. Pain shoots through your body!
You die...

##### ..#
∆##...##..#
#...?.#$.#
#..!5.#).#
#.!55(#..# ∆
+?Z@##..# ∆
###'#.#.# ∆
#.....# . ∆
##....# ..∆
∆∆∆#....# ... ∆
#....# ....
##....#
(....####.....#
..............#


You could see a crimson imp, 2 shadow imps and a hound zombie.

Vanquished Creatures
  Eustachio (D:4)
  A centaur (D:5)
  A bullfrog (D:5)
  Blork the orc (D:4)
  A scorpion (D:3)
  A howler monkey (D:4)
  A hound (D:4)
  A jelly (D:5)
  A worker ant (D:5)
  A hound skeleton (D:4)
  5 gnolls
  5 adders
  2 oozes
  An adder skeleton (D:4)
  A worm (D:2)
  2 dart slugs
  A leopard gecko (D:3)
  2 orcs (D:4)
  3 giant cockroaches (D:3)
  6 hobgoblins
  8 jackals
  8 kobolds
  3 quokkas
  A ball python skeleton (D:4)
  4 bats
  2 frilled lizards
  5 goblins
  8 rats
77 creatures vanquished.

Notes
Turn   | Place    | Note
-------+----------+-------------------------------------------
     0 | D:1      | troglodite the Gnoll Wanderer began the quest for the Orb.
     0 | D:1      | troglodite set off with the following items: a +2
                  | quarterstaff, a potion of curing, a scroll of
                  | teleportation, a +0 robe, a +0 dagger, a ration
     0 | D:1      | Reached XP level 1. HP: 23/23 MP: 1/1
    55 | D:1      | Reached XP level 2. HP: 8/29 MP: 2/2
   567 | D:1      | Reached XP level 3. HP: 35/35 MP: 3/3
   676 | D:2      | Reached skill level 1 in Invocations
   821 | D:2      | Reached skill level 1 in Short Blades
   821 | D:2      | Reached skill level 1 in Long Blades
   821 | D:2      | Reached skill level 1 in Axes
   821 | D:2      | Reached skill level 1 in Maces & Flails
   821 | D:2      | Reached skill level 1 in Polearms
   821 | D:2      | Reached skill level 1 in Slings
   821 | D:2      | Reached skill level 1 in Bows
   821 | D:2      | Reached skill level 1 in Crossbows
   821 | D:2      | Reached skill level 1 in Throwing
   821 | D:2      | Reached skill level 1 in Dodging
   821 | D:2      | Reached skill level 1 in Unarmed Combat
   821 | D:2      | Reached skill level 1 in Spellcasting
   821 | D:2      | Reached skill level 1 in Evocations
   897 | D:2      | Reached XP level 4. HP: 40/41 MP: 5/5
  1171 | D:3      | Reached skill level 1 in Conjurations
  1171 | D:3      | Reached skill level 1 in Hexes
  1171 | D:3      | Reached skill level 1 in Charms
  1171 | D:3      | Reached skill level 1 in Summonings
  1171 | D:3      | Reached skill level 1 in Necromancy
  1171 | D:3      | Reached skill level 1 in Translocations
  1171 | D:3      | Reached skill level 1 in Transmutations
  1171 | D:3      | Reached skill level 1 in Fire Magic
  1171 | D:3      | Reached skill level 1 in Ice Magic
  1171 | D:3      | Reached skill level 1 in Air Magic
  1171 | D:3      | Reached skill level 1 in Earth Magic
  1171 | D:3      | Reached skill level 1 in Poison Magic
  1177 | D:3      | Reached XP level 5. HP: 33/47 MP: 6/6
  2129 | D:4      | Noticed Blork the orc
  2141 | D:4      | Killed Blork the orc
  2141 | D:4      | Reached XP level 6. HP: 46/53 MP: 8/8
  2254 | D:4      | Reached skill level 5 in Staves
  2254 | D:4      | Reached skill level 5 in Shields
  2419 | D:4      | Noticed Eustachio
  3195 | D:4      | Killed Eustachio
  3195 | D:4      | Reached XP level 7. HP: 33/59 MP: 10/10
  3446 | D:5      | Entered Level 5 of the Dungeon
  3452 | D:5      | Reached skill level 7 in Fighting
  3493 | D:5      | Reached skill level 5 in Stealth
  3500 | D:5      | Killed from afar by a shadow imp

Skill      XL: |  1  2  3  4  5  6  7 |
---------------+----------------------+-----
Invocations    | 1 2 |  2.9
Short Blades   | 1 2 |  2.6
Long Blades    | 1 2 |  2.6
Axes           | 1 2 |  2.6
Maces & Flails | 1 2 |  2.6
Polearms       | 1 2 |  2.6
Slings         | 1 2 |  2.6
Bows           | 1 2 |  2.6
Crossbows      | 1 2 |  2.6
Throwing       | 1 2 |  2.6
Dodging        | 1 2 |  2.6
Unarmed Combat | 1 2 |  2.6
Spellcasting   | 1 2 |  2.6
Evocations     | 1 2 |  2.6
Conjurations   | 1 2 |  2.1
Hexes          | 1 2 |  2.1
Charms         | 1 2 |  2.1
Summonings     | 1 2 |  2.1
Necromancy     | 1 2 |  2.1
Translocations | 1 2 |  2.1
Transmutations | 1 2 |  2.1
Fire Magic     | 1 2 |  2.1
Ice Magic      | 1 2 |  2.1
Air Magic      | 1 2 |  2.1
Earth Magic    | 1 2 |  2.1
Poison Magic   | 1 2 |  2.1
Armour         | 3 |  3.7
Staves         | 5 |  5.3
Shields        | 5 |  5.3
Fighting       | 7 |  7.1
Stealth        | 5 |  5.0

Action                   |  1- 3 |  4- 6 |  7- 9 || total
-------------------------+-------+-------+-------++-------
Melee: Quarterstaff      |    63 |   145 |    31 ||   239
       Bite              |     3 |    13 |     7 ||    23
 Stab: Sleeping          |     4 |     2 |       ||     6
       Distracted        |       |     1 |       ||     1
  Eat: Chunk             |       |     3 |       ||     3
       Ration            |       |     1 |       ||     1
Armor: Robe              |     1 |       |       ||     1
       Ring mail         |    19 |    16 |       ||    35
       Scale mail        |       |   100 |    31 ||   131
Dodge: Dodged            |    39 |   204 |    36 ||   279
